 Dungeon Crawl Stone Soup version 0.30.0-10-gfe55d96785 (webtiles) character file.

Game seed: 15524738253946109919

7142 qw the Cleaver (level 11, -3/71 HPs)
             Began as a Gargoyle Cinder Acolyte on May 16, 2023.
             Was an Initiate of Okawaru.
             Slain by a fire elemental (5 damage)
             ... created by the fiery vengeance of Ignis
             ... on level 9 of the Dungeon.
             The game lasted 00:04:54 (9116 turns).

qw the Cleaver (Gargoyle Cinder Acolyte)            Turns: 9116, Time: 00:04:54

Health: -3/71      AC: 26    Str: 22    XL:     11   Next: 10%
Magic:  12/12      EV:  7    Int: 15    God:    Okawaru [......]
Gold:   595        SH:  0    Dex: 11    Spells: 12/12 levels left

rFire   . . .        Y - +0 war axe
rCold   . . .        (no shield)
rNeg    + . .        k - +0 plate armour
rPois   inf          a - +2 helmet
rElec   +            (no cloak)
rCorr   .            n - +0 pair of gloves
SInv    .            (no boots)
Will    .....        (no amulet) Stlth
                     m - +4 ring of slaying {mikee}
HPRegen 0.31/turn    q - +6 ring of dexterity
MPRegen 0.13/turn

%: no passive effects
@: about to teleport, slowed, fire susceptible, very slow
A: sickness immunity, AC +8, negative energy resistance 1, electricity
resistance, torment resistance 1, petrification resistance
a: Renounce Religion


You were on level 9 of the Dungeon.
You worshipped Okawaru.
Okawaru was noncommittal.
You visited 2 branches of the dungeon, and saw 10 of its levels.

You collected 595 gold pieces.


Innate Abilities, Weirdness & Mutations

You are immune to sickness and miasma.
Your stone body is resilient. (AC +8)
You are immune to poison.
You resist negative energy. (rN+)
You are resistant to electric shocks. (rElec)
You are resistant to unholy torment.
You are immune to petrification.


   Skills:
 - Level 9.0 Fighting
 + Level 11.7 Axes
 - Level 1.2 Throwing
 - Level 8.2 Armour
 - Level 2.2 Dodging
 - Level 1.0 Spellcasting
 - Level 3.0 Fire Magic


You had 12 spell levels left.
You didn't know any spells.
Your spell library contained the following spells:

 Spells                   Type           Power      Damage    Failure   Level
 Scorch                   Fire           18%        2d5       86%         2

Inventory:

Hand Weapons
 l - a -1 hand axe of flaming
 Y - a +0 war axe (weapon)
Armour
 a - a +2 helmet (worn)
 c - a +10 plate armour of ponderousness
 f - the scarf of Ynotus {harm, rElec Str+3 Stlth+}
   (You acquired it on level 4 of the Dungeon)

   Str:       It affects your strength (+3).
   rElec:     It insulates you from electricity.
   Stlth:     It makes you more stealthy.
 k - a +0 plate armour (worn)
 n - a +0 pair of gloves (worn)
Jewellery
 d - a ring of protection from fire
 m - a +4 ring of slaying (left hand) {mikee}
 q - a +6 ring of dexterity (right hand)
Scrolls
 h - a scroll of identify
 p - 2 scrolls of teleportation
Potions
 b - 3 potions of mutation
 e - a potion of haste
 i - 4 potions of heal wounds
 r - a potion of berserk rage {unknown}
 t - a potion of curing

Dungeon Overview and Level Annotations

Branches:
Dungeon (9/15)             Temple (1/1) D:6
   Lair: D:8-11         Orc: D:9-12

Altars:
Ashenzari
Cheibriados
Dithmenos
Fedhas
Gozag
Hepliaklqana
Kikubaaqudgha
Makhleb
Nemelex Xobeh
Okawaru
Qazlal
Ru
Sif Muna
Trog
Uskayaw
Wu Jian
Yredelemnul
Zin

Annotations:
D:6 1 runed translucent door, Eyebeam's ghost, novice NaBe
D:7 2 transporters, qw's ghost, novice GrCA


Message History

You start resting. "These will know how to inflict the punishment due to you!"
The divine experience drains your vigour!
You feel yourself slow down. 3 fire elementals come into view.
You hit the fire elemental.
The fire elemental is lightly damaged.
You closely miss the fire elemental.
The fire elemental is lightly damaged.
The fire elemental barely misses you.
You slice the fire elemental!!
The fire elemental is severely damaged.
You hit the fire elemental. The fire elemental hits you.
The fire elemental burns you! The fire elemental hits you.
The fire elemental burns you!
A gargoyle comes into view. It is wielding a +0 mace.
The fire elemental hits you. The fire elemental burns you!
The fire elemental hits you. The fire elemental burns you!
The fire elemental completely misses you.
You hit the fire elemental.
The fire elemental is almost destroyed.
You hit the fire elemental. x2
The fire elemental hits you. The fire elemental burns you!
The fire elemental barely misses you. The fire elemental hits you.
The fire elemental burns you!
The fire elemental closely misses you. x2
The gargoyle hurls a stone arrow at you.
The stone arrow hits you but does no damage.
The fire elemental hits you.
You closely miss the fire elemental.
The fire elemental is almost destroyed.
You hit the fire elemental. x2
The fire elemental barely misses you. x2; The fire elemental hits you.
The fire elemental burns you! The fire elemental hits you.
The fire elemental barely misses you. The fire elemental hits you.
The fire elemental burns you!
9116 ||| READING 3 scrolls of teleportation.
As you read the scroll of teleportation, it crumbles to dust.
You feel strangely unstable. The fire elemental hits you.
The fire elemental burns you!
You die...

#.#........#.....###.#
..#........##..#### .#
...........###....# .
..................# ._
...### .###.#....# ..
#..# #...#### #..h +##
##...####.#..#
#....E)....#
#....#%@E)......
#.......E......)
#......9........
#....###.###....#
###.. #.# ....# #. ...
...# l ._. ..## ...


You could see 3 fire elementals and a gargoyle.

Vanquished Creatures
  A two-headed ogre (D:8)
  Pikel (D:4)
  A troll (D:9)
  A hornet (D:8)
  A slime creature (D:7)
  Sigmund (D:2)
  2 wyverns
  A human (D:9)
  4 hogs (D:9)
  2 black bears
  2 orc warriors
  2 sky beasts
  3 ice beasts
  An ogre (D:7)
  4 phantoms
  4 centaurs (D:8)
  A lemure (D:4)
  2 kobold brigands
  5 bullfrogs
  A gnoll sergeant (D:6)
  A scorpion (D:3)
  10 wights
  4 killer bees
  10 howler monkeys
  A jelly (D:6)
  5 hounds
  5 orc priests
  A gnoll bouda (D:7)
  Ijyb (D:5)
  4 iguanas
  5 sleepcaps
  Natasha (thrice) (D:2)
  8 orc wizards
  9 gnolls
  13 adders
  2 white imps
  An ufetubus (D:4)
  A worm (D:4)
  4 dart slugs
  32 orcs
  10 bats
  7 endoplasms
  3 giant cockroaches
  6 goblins
  8 hobgoblins
  4 jackals (D:2)
  2 quokkas
  11 ball pythons
  4 frilled lizards
  14 kobolds
  7 rats
236 creatures vanquished.

Vanquished Creatures (others)
  An orc wizard (D:9)
1 creature vanquished.

Grand Total: 237 creatures vanquished

Notes
Turn   | Place    | Note
-------+----------+-------------------------------------------
     0 | D:1      | qw the Gargoyle Cinder Acolyte began the quest for the Orb.
     0 | D:1      | Reached XP level 1. HP: 14/14 MP: 2/2
     0 | D:1      | 0 ||| qw: Version: 0.2-a-94-g6f95ed7
     0 | D:1      | 0 ||| qw: Game counter: 37
     0 | D:1      | 0 ||| qw: Always use a shield: true
     0 | D:1      | 0 ||| qw: God list: Okawaru
     0 | D:1      | 0 ||| qw: Allow faded altars: false
     0 | D:1      | 0 ||| qw: Do Orc after D:15 true
     0 | D:1      | 0 ||| qw: Do second Lair branch before Depths: true
     0 | D:1      | 0 ||| qw: Lair rune preference: random
     0 | D:1      | 0 ||| qw: Plans: Normal
     0 | D:1      | 0 ||| PLANNING D:1-11
    34 | D:1      | 34 ||| INVOKING Fiery Armour.
    38 | D:1      | Reached skill level 3 in Axes
    77 | D:1      | Reached XP level 2. HP: 19/19 MP: 3/3
   249 | D:1      | 249 ||| Stepping ~*~*~tactically~*~*~ (hiding).
   250 | D:1      | 250 ||| Stepping ~*~*~tactically~*~*~ (hiding).
   259 | D:1      | 259 ||| INVOKING Fiery Armour.
   259 | D:1      | HP: 3/19 [gnoll/+0 spear (2)]
   375 | D:1      | Reached XP level 3. HP: 23/23 MP: 4/4
   501 | D:1      | 501 ||| INVOKING Fiery Armour.
   502 | D:1      | Reached skill level 4 in Axes
   550 | D:1      | 550 ||| Stepping ~*~*~tactically~*~*~ (hiding).
   551 | D:1      | 551 ||| Stepping ~*~*~tactically~*~*~ (hiding).
   552 | D:1      | 552 ||| Stepping ~*~*~tactically~*~*~ (hiding).
   553 | D:1      | 553 ||| Stepping ~*~*~tactically~*~*~ (hiding).
   554 | D:1      | 554 ||| Stepping ~*~*~tactically~*~*~ (hiding).
   555 | D:1      | 555 ||| Stepping ~*~*~tactically~*~*~ (hiding).
   557 | D:1      | 557 ||| Stepping ~*~*~tactically~*~*~ (hiding).
   721 | D:1      | 721 ||| UPGRADING to +0 leather armour.
   736 | D:1      | 736 ||| UPGRADING to +0 leather armour.
   746 | D:1      | 746 ||| DROPPING +0 robe.
   747 | D:1      | 747 ||| UPGRADING to +0 helmet.
   752 | D:1      | 752 ||| UPGRADING to +0 ring mail.
   762 | D:1      | 762 ||| DROPPING +0 leather armour.
   882 | D:1      | 882 ||| READING scroll labelled DEPHANGI MERI.
   883 | D:1      | 883 ||| READING scroll labelled ZOYLYIBBANEW.
  1063 | D:2      | Reached skill level 1 in Armour
  1086 | D:2      | 1086 ||| Stepping ~*~*~tactically~*~*~ (stealth).
  1104 | D:2      | Noticed Natasha
  1112 | D:2      | 1112 ||| INVOKING Fiery Armour.
  1114 | D:2      | HP: 1/23 [Natasha (6)]
  1114 | D:2      | Killed Natasha
  1115 | D:2      | Reached XP level 4. HP: 2/28 MP: 5/5
  1262 | D:2      | 1262 ||| Stepping ~*~*~tactically~*~*~ (stealth).
  1262 | D:2      | Noticed Sigmund
  1270 | D:2      | HP: 5/28 [Sigmund/+0 scythe (9)]
  1271 | D:2      | 1271 ||| INVOKING Fiery Armour.
  1272 | D:2      | Killed Sigmund
  1273 | D:2      | Reached skill level 5 in Axes
  1273 | D:2      | Reached XP level 5. HP: 7/32 MP: 6/6
  1273 | D:2      | Reached XP level 6. HP: 8/37 MP: 7/7
  1710 | D:2      | Noticed Natasha
  1725 | D:2      | 1725 ||| INVOKING Fiery Armour.
  1727 | D:2      | Killed Natasha
  1808 | D:2      | Noticed Natasha
  1820 | D:2      | Killed Natasha
  1821 | D:2      | Reached skill level 6 in Axes
  1878 | D:2      | 1878 ||| READING scroll labelled XIEVAUW UJIELL.
  1879 | D:2      | 1879 ||| READING scroll labelled LAJEOSMEFI.
  1880 | D:2      | 1880 ||| DRINKING 2 glowing cyan potions.
  1881 | D:2      | 1881 ||| DRINKING 2 coppery potions.
  1916 | D:3      | 1916 ||| PLANNING SEWER
  1944 | D:3      | 1944 ||| Stepping ~*~*~tactically~*~*~ (stealth).
  1947 | D:3      | 1947 ||| Stepping ~*~*~tactically~*~*~ (stealth).
  1974 | D:3      | 1974 ||| INVOKING Fiery Armour.
  2069 | D:3      | 2069 ||| SWAPPING to +0 war axe.
  2093 | D:3      | Found a faded altar of an unknown god.
  2227 | D:3      | 2227 ||| Stepping ~*~*~tactically~*~*~ (stealth).
  2596 | D:3      | 2596 ||| RIP SEWER
  2623 | D:3      | 2623 ||| PLANNING D:1-11
  2774 | D:3      | 2774 ||| UPGRADING to +0 scale mail.
  2784 | D:3      | 2784 ||| DROPPING +0 ring mail.
  2785 | D:3      | 2785 ||| UPGRADING to +0 pair of gloves.
  2790 | D:3      | 2790 ||| UPGRADING to ring of positive energy.
  2791 | D:3      | 2791 ||| UPGRADING to +6 ring of dexterity.
  2792 | D:3      | 2792 ||| READING 2 scrolls labelled RURPHA MAZEFUS.
  2793 | D:3      | 2793 ||| READING scroll labelled KIRGHAOLLON.
  2794 | D:3      | 2794 ||| READING scroll labelled JIPEQI HOFESER.
  2798 | D:3      | 2798 ||| DRINKING 2 white potions.
  2799 | D:3      | 2799 ||| DRINKING 2 bubbling ruby potions.
  2838 | D:3      | 2838 ||| DROPPING potion of attraction.
  2839 | D:3      | 2839 ||| DROPPING potion of lignification.
  2858 | D:4      | 2858 ||| STAIRDANCE
  2863 | D:3      | Reached skill level 1 in Dodging
  2863 | D:3      | Reached XP level 7. HP: 33/43 MP: 8/8
  3151 | D:4      | Noticed Pikel
  3152 | D:4      | 3152 ||| Stepping ~*~*~tactically~*~*~ (hiding).
  3170 | D:4      | Killed Pikel
  3171 | D:4      | Reached skill level 8 in Axes
  3171 | D:4      | Reached XP level 8. HP: 47/48 MP: 9/9
  3609 | D:4      | 3609 ||| UPGRADING to +2 helmet.
  3619 | D:4      | 3619 ||| DROPPING +0 helmet.
  3620 | D:4      | 3620 ||| UPGRADING to amulet of guardian spirit.
  3625 | D:4      | 3625 ||| READING scroll labelled WUUM ITYBRE.
  3625 | D:4      | Identified a scroll of acquirement
  3625 | D:4      | 3625 ||| ACQUIRING scarf of Ynotus {harm, rElec Str+3
                  | Stlth+}
  3625 | D:4      | Acquired the scarf of Ynotus {harm, rElec Str+3 Stlth+}
  3627 | D:4      | 3627 ||| DRINKING 2 brown potions.
  3628 | D:4      | 3628 ||| READING 2 scrolls of identify.
  3628 | D:4      | 3628 ||| IDENTIFYING fuming purple potion
  3629 | D:4      | 3629 ||| DROPPING potion of degeneration.
  3653 | D:5      | Entered Level 5 of the Dungeon
  3724 | D:5      | Reached skill level 1 in Throwing
  3880 | D:5      | 3880 ||| Stepping ~*~*~tactically~*~*~ (hiding).
  3882 | D:5      | 3882 ||| Stepping ~*~*~tactically~*~*~ (hiding).
  3885 | D:5      | 3885 ||| Stepping ~*~*~tactically~*~*~ (hiding).
  3894 | D:5      | Reached skill level 3 in Armour
  4105 | D:5      | Reached skill level 6 in Fighting
  4119 | D:5      | 4119 ||| Stepping ~*~*~tactically~*~*~ (stealth).
  4121 | D:5      | 4121 ||| Stepping ~*~*~tactically~*~*~ (stealth).
  4435 | D:5      | Noticed Ijyb
  4457 | D:5      | Killed Ijyb
  4594 | D:5      | 4594 ||| UPGRADING to ring of willpower.
  4596 | D:5      | 4596 ||| READING 2 scrolls labelled LAERUNA TOSIN.
  4597 | D:5      | 4597 ||| READING scroll labelled EFAFRA YRAWE.
  4598 | D:5      | 4598 ||| READING scroll labelled MOMIWI YDIDARGH.
  4599 | D:5      | 4599 ||| READING scroll labelled DOTOUF SIN.
  4600 | D:5      | 4600 ||| DROPPING scroll of immolation.
  4643 | D:6      | Found a staircase to the Ecumenical Temple.
  4698 | D:6      | Reached XP level 9. HP: 55/55 MP: 10/10
  4790 | D:6      | Reached skill level 9 in Axes
  4867 | D:6      | 4867 ||| INVOKING Fiery Armour.
  4953 | D:6      | Found a runed translucent door.
  4956 | D:6      | Noticed Eyebeam's ghost (novice NaBe)
  4997 | D:6      | 4997 ||| INVOKING Fiery Armour.
  5231 | D:6      | 5231 ||| Stepping ~*~*~tactically~*~*~ (stealth).
  5232 | D:6      | 5232 ||| Stepping ~*~*~tactically~*~*~ (stealth).
  5543 | D:6      | 5543 ||| Stepping ~*~*~tactically~*~*~ (stealth).
  5546 | D:6      | 5546 ||| Stepping ~*~*~tactically~*~*~ (stealth).
  5642 | D:6      | 5642 ||| DROPPING ring of positive energy.
  5643 | D:6      | 5643 ||| UPGRADING to +4 ring of slaying {mikee}.
  5645 | D:6      | 5645 ||| DROPPING ring of willpower.
  5646 | D:6      | 5646 ||| DRINKING 2 dark potions.
  5647 | D:6      | 5647 ||| DROPPING potion of flight.
  5726 | D:7      | 5726 ||| Stepping ~*~*~tactically~*~*~ (stealth).
  5835 | D:7      | Reached skill level 10 in Axes
  5866 | D:7      | 5866 ||| Stepping ~*~*~tactically~*~*~ (stealth).
  5867 | D:7      | 5867 ||| Stepping ~*~*~tactically~*~*~ (stealth).
  6091 | D:7      | Found a sacrificial altar of Ru.
  6095 | D:7      | Found an opulent altar of Gozag.
  6180 | D:7      | 6180 ||| Stepping ~*~*~tactically~*~*~ (hiding).
  6180 | D:7      | Noticed qw's ghost (novice GrCA)
  6209 | D:7      | 6209 ||| INVOKING Fiery Armour.
  6233 | D:7      | 6233 ||| Stepping ~*~*~tactically~*~*~ (hiding).
  6234 | D:7      | 6234 ||| Stepping ~*~*~tactically~*~*~ (hiding).
  6247 | D:7      | Reached XP level 10. HP: 52/64 MP: 9/11
  6294 | D:7      | Found a transporter.
  6318 | D:7      | 6318 ||| Stepping ~*~*~tactically~*~*~ (stealth).
  6403 | D:7      | 6403 ||| Stepping ~*~*~tactically~*~*~ (hiding).
  6404 | D:7      | 6404 ||| Stepping ~*~*~tactically~*~*~ (hiding).
  6405 | D:7      | 6405 ||| Stepping ~*~*~tactically~*~*~ (hiding).
  6406 | D:7      | 6406 ||| Stepping ~*~*~tactically~*~*~ (hiding).
  6407 | D:7      | 6407 ||| Stepping ~*~*~tactically~*~*~ (hiding).
  6540 | D:7      | 6540 ||| READING scroll labelled OGGYCY XER YFO.
  6548 | D:7      | Reached skill level 11 in Axes
  6591 | D:7      | 6591 ||| Stepping ~*~*~tactically~*~*~ (stealth).
  6606 | D:7      | 6606 ||| INVOKING Fiery Armour.
  6921 | D:7      | Found a transporter.
  7134 | D:7      | 7134 ||| DRINKING 2 murky pink potions.
  7135 | D:7      | 7135 ||| READING 2 scrolls of identify.
  7135 | D:7      | 7135 ||| IDENTIFYING puce potion
  7136 | D:7      | 7136 ||| DROPPING potion of ambrosia.
  7236 | D:8      | 7236 ||| Stepping ~*~*~tactically~*~*~ (hiding).
  7245 | D:8      | Reached skill level 9 in Fighting
  7383 | D:8      | 7383 ||| Stepping ~*~*~tactically~*~*~ (hiding).
  7451 | D:8      | 7451 ||| Stepping ~*~*~tactically~*~*~ (stealth).
  7453 | D:8      | 7453 ||| Stepping ~*~*~tactically~*~*~ (stealth).
  7456 | D:8      | 7456 ||| Stepping ~*~*~tactically~*~*~ (hiding).
  7457 | D:8      | 7457 ||| Stepping ~*~*~tactically~*~*~ (hiding).
  7500 | D:8      | Found an ancient bone altar of Kikubaaqudgha.
  7504 | D:8      | 7504 ||| Stepping ~*~*~tactically~*~*~ (stealth).
  7508 | D:8      | 7508 ||| Stepping ~*~*~tactically~*~*~ (hiding).
  7939 | D:8      | 7939 ||| UPGRADING to +0 chain mail.
  7949 | D:8      | 7949 ||| DROPPING +0 scale mail.
  7950 | D:8      | 7950 ||| UPGRADING to +0 plate armour.
  7960 | D:8      | 7960 ||| DROPPING +0 chain mail.
  7961 | D:8      | 7961 ||| READING 2 scrolls of identify.
  7961 | D:8      | 7961 ||| IDENTIFYING smoky puce potion
  7962 | D:8      | 7962 ||| DROPPING potion of invisibility.
  8023 | D:9      | Noticed a two-headed ogre
  8024 | D:9      | 8024 ||| INVOKING Fiery Armour.
  8029 | D:9      | 8029 ||| STAIRDANCE
  8031 | D:8      | Killed a two-headed ogre
  8032 | D:8      | Reached skill level 6 in Armour
  8099 | D:9      | 8099 ||| Stepping ~*~*~tactically~*~*~ (stealth).
  8253 | D:9      | 8253 ||| Stepping ~*~*~tactically~*~*~ (stealth).
  8265 | D:9      | 8265 ||| INVOKING Fiery Armour.
  8266 | D:9      | Reached XP level 11. HP: 33/71 MP: 6/12
  8416 | D:9      | 8416 ||| PLANNING TEMPLE
  8416 | D:9      | 8416 ||| READING scroll labelled ORENOW IMIUZ.
  8417 | D:9      | 8417 ||| READING 2 scrolls of identify.
  8417 | D:9      | 8417 ||| IDENTIFYING amethyst potion
  8418 | D:9      | 8418 ||| DROPPING potion of brilliance.
  8574 | Temple   | Entered the Ecumenical Temple
  8625 | Temple   | 8625 ||| PLANNING OKAWARU WORSHIP
  8734 | Temple   | Fell from the grace of Ignis
  8734 | Temple   | Became a worshipper of Warmaster Okawaru
  8735 | Temple   | 8735 ||| PLANNING D:1-11
  8735 | Temple   | 8735 ||| REMOVING amulet of guardian spirit.
  8740 | Temple   | 8740 ||| DROPPING amulet of guardian spirit.
  9031 | D:9      | Found a hide-covered altar of Uskayaw.
  9032 | D:9      | 9032 ||| Stepping ~*~*~tactically~*~*~ (stealth).
  9046 | D:9      | Found a sparkling altar of Nemelex Xobeh.
  9053 | D:9      | 9053 ||| Stepping ~*~*~tactically~*~*~ (stealth).
  9054 | D:9      | 9054 ||| Stepping ~*~*~tactically~*~*~ (stealth).
  9065 | D:9      | 9065 ||| Stepping ~*~*~tactically~*~*~ (stealth).
  9115 | D:9      | HP: 11/71 [fire elemental[the fiery vengeance of Ignis]
                  | (8)]
  9115 | D:9      | HP: 2/71 [fire elemental[the fiery vengeance of Ignis] (9)]
  9116 | D:9      | 9116 ||| READING 3 scrolls of teleportation.
  9116 | D:9      | Slain by a fire elemental

Levels and vault maps discovered:
D:1:      psy_arrival_heroes, layout_basic, serial_glass, glass_columns_b,
          glass_columns_c, dreamdust_wishing_well
D:2:      kennysheep_six_static_rooms, layout_rooms, uniq_natasha, uniq_sigmund
D:3:      minmay_spotlight, layout_basic, hellmonk_ecumenical_altar_run_dry,
          portal_sewer_entry_d
D:4:      layout_rooms, serial_bayou_lagoon_b, uniq_crazy_yiuf_cottage,
          uniq_pikel
D:5:      layout_basic, uniq_ijyb
D:6:      layout_basic, temple_green, ebering_ghost_reflecting_pool
D:7:      kennysheep_windowed_halls, layout_cave_pods, jmf_multi_god_temple,
          gammafunk_ghost_stat_death
D:8:      layout_loops_ring, nicolae_kikubaaqudgha_miasma_corner,
          minmay_misc_feat_alley, minmay_checkerbox
D:9:      layout_rooms, nicolae_overflow_crystal_walls,
          mainiacjoe_overflow_surrounded_room, mainiacjoe_overflow_tiny_flanked,
          grunt_ministairs_1, nicolae_benzene_ring,
          dreamdust_deal_with_the_devil, nicolae_blasting_shop,
          minmay_crystal_room, grunt_livestock, kennysheep_generic_room_2
Temple:   hellmonk_temple_forest_ring

Skill      XL: |  1  2  3  4  5  6  7  8  9 10 |
---------------+-------------------------------+-----
Axes           | 3 4 5 6 8 10 11 | 11.7
Armour         | 1 2 3 4 8 |  8.2
Fighting       | 4 6 8 9 |  9.0
Dodging        | 1 2 |  2.2
Throwing       | 1 |  1.2
Spellcasting   | |  1.0
Fire Magic     | |  3.0

Action                     |  1- 3 |  4- 6 |  7- 9 | 10-12 || total
---------------------------+-------+-------+-------+-------++-------
  Melee: Hand axe          |    96 |   118 |       |       ||   214
         Punch             |     1 |     1 |     5 |     1 ||     8
         War axe           |       |    53 |   333 |   162 ||   548
         Unarmed           |       |       |    12 |       ||    12
  Throw: Boomerang         |       |       |    62 |     7 ||    69
 Invoke: Fiery Armour      |     4 |     3 |     3 |     3 ||    13
    Use: Scroll            |     2 |     5 |     6 |     6 ||    19
         Potion            |       |     4 |     2 |     1 ||     7
   Stab: Confused          |       |       |     1 |       ||     1
 Armour: Robe              |    28 |       |       |       ||    28
         Ring mail         |    18 |    93 |       |       ||   111
         Scale mail        |       |     1 |   205 |    83 ||   289
         Skin              |       |       |     6 |       ||     6
         Plate armour      |       |       |       |    74 ||    74
  Dodge: Dodged            |    55 |    95 |   175 |    86 ||   411

Table legend:
 A = Non-vault XP
 B = Vault XP
 C = Vault XP percentage of total XP
 D = Non-vault monster count
 E = Vault monster count
 F = Vault count percentage of total count
                 A         B        C        D         E       F
            +---------+---------+-------+---------+---------+-------
      Total |    5782 |    4422 |  43.3 |     188 |      48 |  20.3
            +---------+---------+-------+---------+---------+-------
        D:1 |      59 |       0 |   0.0 |      31 |       0 |   0.0
        D:2 |     126 |     282 |  69.1 |      26 |       8 |  23.5
        D:3 |     161 |      28 |  14.8 |      15 |       3 |  16.7
        D:4 |     254 |     663 |  72.3 |      17 |       1 |   5.6
        D:5 |     542 |      38 |   6.6 |      20 |       1 |   4.8
        D:6 |    1227 |       0 |   0.0 |      31 |       0 |   0.0
        D:7 |     979 |    1780 |  64.5 |      22 |      22 |  50.0
        D:8 |    1564 |     549 |  26.0 |      14 |       5 |  26.3
        D:9 |     870 |    1082 |  55.4 |      12 |       8 |  40.0
            +---------+---------+-------+---------+---------+-------
